 Dungeon Crawl Stone Soup version 0.29-a0-23-ga79f92ac9c (webtiles) character file.

Game seed: 2501699079571742705

802 Gargoyl the Skirmisher (level 7, -1/60 HPs)
             Began as a Gnoll Abyssal Knight on Jan 30, 2022.
             Was a Believer of Lugonu.
             Succumbed to Robin's poison
             ... on level 4 of the Dungeon.
             The game lasted 00:07:24 (4869 turns).

Gargoyl the Skirmisher (Gnoll Abyssal Knight)       Turns: 4869, Time: 00:07:25

Health: -1/60      AC: 10    Str: 13 (14) XL:     7   Next: 90%
Magic:  11/11      EV: 11    Int:  9      God:    Lugonu [**....]
Gold:   91         SH:  0    Dex: 12 (13) Spells: 11/11 levels left

rFire   . . .      SeeInvis .   p - +1 hand axe (venom)
rCold   . . .      Faith    .   (no shield)
rNeg    . . .      Spirit   +   c - +1 chain mail
rPois   .          Reflect  .   (no helmet)
rElec   .          Harm     .   (no cloak)
rCorr   .          Rampage  .   (no gloves)
Will    .....                   (no boots)
Stlth   ..........              d - amulet of guardian spirit
HPRegen 0.20/turn               e - +4 ring of evasion
MPRegen 0.12/turn               (no ring)

@: lethally poisoned (-1 -> -11)
A: fangs 1, strong nose, distributed training
a: Renounce Religion, Depart the Abyss, Bend Space


You were on level 4 of the Dungeon.
You worshipped Lugonu.
Lugonu was pleased with you.
You visited 1 branch of the dungeon, and saw 4 of its levels.
You visited the Abyss 1 time.

You collected 91 gold pieces.

Inventory:

Hand Weapons
 a - a +1 hand axe
 g - a +2 dagger of venom
 p - a +1 hand axe of venom (weapon)
Missiles
 i - 7 poisoned darts
 o - 2 throwing nets
 q - 2 curare-tipped darts (quivered)
Armour
 c - a +1 chain mail (worn)
Jewellery
 d - an amulet of guardian spirit (around neck)
 e - a +4 ring of evasion (left hand)
Wands
 f - a wand of iceblast (6)
Scrolls
 b - a scroll of teleportation
 h - a scroll of holy word
 k - a scroll of blinking {unknown}
 l - a scroll of identify
 m - a scroll of brand weapon {unknown}
 n - a scroll of enchant weapon {unknown}
Potions
 j - 2 potions of haste


   Skills:
 + Level 7.1 Fighting
 + Level 2.7 Short Blades
 + Level 2.7 Long Blades
 + Level 5.4 Axes
 + Level 2.7 Maces & Flails
 + Level 2.7 Polearms
 + Level 2.7 Staves
 + Level 2.7 Slings
 + Level 2.7 Bows
 + Level 2.7 Crossbows
 + Level 2.7 Throwing
 + Level 5.4 Armour
 + Level 3.8 Dodging
 + Level 2.7 Stealth
 + Level 2.7 Shields
 + Level 2.7 Unarmed Combat
 + Level 2.7 Spellcasting
 + Level 2.2 Conjurations
 + Level 2.2 Hexes
 + Level 2.2 Summonings
 + Level 2.2 Necromancy
 + Level 2.2 Translocations
 + Level 2.2 Transmutations
 + Level 2.2 Fire Magic
 + Level 2.2 Ice Magic
 + Level 2.2 Air Magic
 + Level 2.2 Earth Magic
 + Level 2.2 Poison Magic
 + Level 5.5 Invocations
 + Level 2.7 Evocations


You had 11 spell levels left.
You didn't know any spells.
Your spell library contained the following spells:

 Spells                   Type           Power      Damage    Failure   Level
 Ozocubu's Armour         Ice            5%         N/A       100%        3
 Metabolic Englaciation   Hex/Ice        2%         N/A       100%        5
 Simulacrum               Ice/Necr       2%         N/A       100%        6


Dungeon Overview and Level Annotations

Branches:
Dungeon (4/15)
 Temple: D:4-7

Altars:
Elyvilon
Makhleb
Okawaru


Innate Abilities, Weirdness & Mutations

You have very sharp teeth.
Your uncanny sense of smell can sniff out nearby items.
Your experience applies equally to all skills.


Message History

Unknown command.
Unknown command.
Unknown command.
You feel very sick. Robin hits you but does no damage.
You are more poisoned.
Items here: )))).
You barely miss Robin.
You feel very sick. Robin barely misses you.
You hit Robin but do no damage.
Robin is poisoned.
You feel very sick. Robin hits you but does no damage.
You are more poisoned.
You slash Robin!
Robin is heavily wounded.
You feel very sick. Robin hits you but does no damage.
You are lethally poisoned!
You barely miss Robin.
Robin is heavily wounded.
* * * LOW HITPOINT WARNING * * *
You feel very sick. Robin closely misses you.
You hit Robin.
Robin looks as sick as possible!
Your bite misses Robin.
Robin is almost dead.
* * * LOW HITPOINT WARNING * * *
You feel very sick. Robin barely misses you.
You barely miss Robin.
Robin is almost dead.
* * * LOW HITPOINT WARNING * * *
You feel very sick.
You kill Robin!
Lugonu accepts your kill.
Unknown command.
Okay, then.
* * * LOW HITPOINT WARNING * * *
You feel very sick.
You die...

...# #.# #
#..## ..#..
#..####>...#
######.......#
#.......#..# ∆
#....# #.##.##
∆ ##.##!.#
#..###@### ∆
#.##
#).)######.
#.#
###)....... ##
#.# #.)......
.#### #.#
#........
....# #.#
#........
###.# ##.#
#........ #
#.######..#
#........
###....##..##
#########


There were no monsters in sight!

Vanquished Creatures
  Grinder (D:3)
  A phantom (D:4)
  A kobold brigand (D:3)
  A gnoll shaman (D:4)
  3 orc priests (D:4)
  Ijyb (D:3)
  3 orc wizards
  A hound skeleton (D:4)
  Robin (D:4)
  9 gnolls
  3 adders
  A shadow imp (D:4)
  An ufetubus (D:3)
  2 worms (D:2)
  3 dart slugs (D:2)
  4 orcs
  2 ball pythons
  3 endoplasms
  3 giant cockroaches
  17 goblins
  6 hobgoblins
  3 jackals (D:2)
  5 quokkas
  6 bats
  5 kobolds
  5 rats
  A spectral goblin (D:1)
92 creatures vanquished.

Vanquished Creatures (others)
  37 plants (D:2)
37 creatures vanquished.

Grand Total: 129 creatures vanquished

Notes
Turn   | Place    | Note
-------+----------+-------------------------------------------
     0 | Abyss:1  | Gargoyl the Gnoll Abyssal Knight began the quest for the
                  | Orb.
     0 | Abyss:1  | Reached XP level 1. HP: 23/23 MP: 3/3
     0 | D:1      | Escaped the Abyss
   270 | D:1      | Reached * piety under Lugonu
   476 | D:1      | Found a faded altar of an unknown god.
   508 | D:1      | Reached XP level 2. HP: 29/29 MP: 5/5
  1281 | D:2      | Reached XP level 3. HP: 30/35 MP: 6/6
  1310 | D:2      | HP: 1/35 [worm (9)]
  1983 | D:2      | Reached skill level 1 in Short Blades
  1983 | D:2      | Reached skill level 1 in Long Blades
  1983 | D:2      | Reached skill level 1 in Maces & Flails
  1983 | D:2      | Reached skill level 1 in Polearms
  1983 | D:2      | Reached skill level 1 in Staves
  1983 | D:2      | Reached skill level 1 in Slings
  1983 | D:2      | Reached skill level 1 in Bows
  1983 | D:2      | Reached skill level 1 in Crossbows
  1983 | D:2      | Reached skill level 1 in Throwing
  1983 | D:2      | Reached skill level 1 in Stealth
  1983 | D:2      | Reached skill level 1 in Shields
  1983 | D:2      | Reached skill level 1 in Unarmed Combat
  1983 | D:2      | Reached skill level 1 in Spellcasting
  1983 | D:2      | Reached skill level 1 in Evocations
  1988 | D:2      | Reached XP level 4. HP: 40/41 MP: 7/7
  2017 | D:2      | HP: 2/41 [gnoll (4)]
  2335 | D:2      | Reached skill level 1 in Conjurations
  2335 | D:2      | Reached skill level 1 in Hexes
  2335 | D:2      | Reached skill level 1 in Summonings
  2335 | D:2      | Reached skill level 1 in Necromancy
  2335 | D:2      | Reached skill level 1 in Translocations
  2335 | D:2      | Reached skill level 1 in Transmutations
  2335 | D:2      | Reached skill level 1 in Fire Magic
  2335 | D:2      | Reached skill level 1 in Ice Magic
  2335 | D:2      | Reached skill level 1 in Air Magic
  2335 | D:2      | Reached skill level 1 in Earth Magic
  2335 | D:2      | Reached skill level 1 in Poison Magic
  2337 | D:2      | Reached ** piety under Lugonu
  2573 | D:2      | Found a white marble altar of Elyvilon.
  2794 | D:3      | Noticed a kobold brigand
  2811 | D:3      | Killed a kobold brigand
  2812 | D:3      | Reached XP level 5. HP: 39/47 MP: 6/8
  2864 | D:3      | Noticed Grinder
  2872 | D:3      | Paralysed by Grinder for 3 turns
  2882 | D:3      | Paralysed by Grinder for 2 turns
  2900 | D:3      | Paralysed by Grinder for 5 turns
  2911 | D:3      | Paralysed by Grinder for 7 turns
  2922 | D:3      | Paralysed by Grinder for 2 turns
  2947 | D:3      | Killed Grinder
  2948 | D:3      | Reached skill level 5 in Axes
  2948 | D:3      | Reached skill level 5 in Armour
  2948 | D:3      | Reached skill level 5 in Invocations
  2948 | D:3      | Reached XP level 6. HP: 16/53 MP: 5/9
  3549 | D:3      | Noticed Ijyb
  3552 | D:3      | Killed Ijyb
  3736 | D:3      | Found a burning altar of Makhleb.
  3736 | D:3      | Noticed an Executioner
  3739 | D:3      | Noticed an orange demon
  3739 | D:3      | Noticed a ynoxinul
  3824 | D:3      | Reached XP level 7. HP: 35/59 MP: 6/10
  4045 | D:4      | Reached skill level 7 in Fighting
  4549 | D:4      | Found an iron altar of Okawaru.
  4840 | D:4      | Noticed Robin
  4867 | D:4      | Killed Robin
  4868 | D:4      | HP: 2/60 [poisoned by Robin]
  4869 | D:4      | Succumbed to Robin's poison

Illustrated notes

Levels and vault maps discovered:
D:1:      wander_arrival_peaceful_grave, layout_basic,
          dreamdust_ecumenical_altar_drowned_temple
D:2:      layout_basic, serial_bayou, serial_bayou_lagoon_a,
          serial_bayou_pond_a, serial_bayou_lagoon_b, serial_bayou_pond_b,
          basic_altar, minmay_indecisive_spiral
D:3:      layout_loops_cross, makhleb_altar_promises_db, uniq_grinder, uniq_ijyb
D:4:      layout_rooms, okawaru_gym_becter, uniq_robin

Skill      XL: |  1  2  3  4  5  6  7 |
---------------+----------------------+-----
Short Blades   | 1 2 |  2.7
Long Blades    | 1 2 |  2.7
Maces & Flails | 1 2 |  2.7
Polearms       | 1 2 |  2.7
Staves         | 1 2 |  2.7
Slings         | 1 2 |  2.7
Bows           | 1 2 |  2.7
Crossbows      | 1 2 |  2.7
Throwing       | 1 2 |  2.7
Stealth        | 1 2 |  2.7
Shields        | 1 2 |  2.7
Unarmed Combat | 1 2 |  2.7
Spellcasting   | 1 2 |  2.7
Evocations     | 1 2 |  2.7
Conjurations   | 1 2 |  2.2
Hexes          | 1 2 |  2.2
Summonings     | 1 2 |  2.2
Necromancy     | 1 2 |  2.2
Translocations | 1 2 |  2.2
Transmutations | 1 2 |  2.2
Fire Magic     | 1 2 |  2.2
Ice Magic      | 1 2 |  2.2
Air Magic      | 1 2 |  2.2
Earth Magic    | 1 2 |  2.2
Poison Magic   | 1 2 |  2.2
Dodging        | 3 |  3.8
Axes           | 5 |  5.4
Armour         | 5 |  5.4
Invocations    | 5 |  5.5
Fighting       | 7 |  7.1

Action                   |  1- 3 |  4- 6 |  7- 9 || total
-------------------------+-------+-------+-------++-------
Melee: Hand axe          |   130 |    81 |    92 ||   303
       Bite              |    12 |     8 |     8 ||    28
       Punch             |     5 |     2 |       ||     7
       Dagger            |       |    20 |     1 ||    21
Throw: Dart              |       |    20 |       ||    20
Invok: Depart the Abyss  |     1 |       |       ||     1
  Use: Scroll            |     7 |     1 |       ||     8
       Potion            |     1 |     2 |     2 ||     5
Armor: Chain mail        |    52 |    35 |    76 ||   163
       Skin              |    24 |    17 |       ||    41
Dodge: Dodged            |    67 |    60 |    80 ||   207

Table legend: (Time is in decaauts)
 A = Elapsed time spent in this place.
 B = Non-inter-level travel time spent in this place.
 C = Inter-level travel time spent in this place.
 D = Time resting spent in this place.
 E = Time spent auto-exploring this place.
 F = Levels seen in this place.
 G = Mean time per level.
                   A        B        C        D        E       F      G
               +--------+--------+--------+--------+--------+-----+--------+
         Total |   4927 |   4833 |     94 |    737 |   3158 |   5 |  985.4 |
       Dungeon |   4927 |   4833 |     94 |    737 |   3158 |   4 | 1231.8 |
         Abyss |      0 |      0 |      0 |      0 |      0 |   1 |    0.0 |
               +--------+--------+--------+--------+--------+-----+--------+

Top non-repeatable levels by time:
     D:2: 1607 daAuts
     D:3: 1449 daAuts
     D:1: 1215 daAuts
     D:4: 655 daAuts
